 Dungeon Crawl Stone Soup version 0.27-a0-860-gaf99fae3ca (webtiles) character file.

Game seed: 15285699933116900623

425 DarkShadow the Chopper (level 6, -4/53 HPs)
             Began as a Minotaur Fighter on Apr 1, 2021.
             Killed by nerve-wracking pain
             ... invoked by Grinder
              (10 damage)
             ... on level 5 of the Dungeon.
             The game lasted 00:07:22 (3385 turns).

DarkShadow the Chopper (Minotaur Fighter)           Turns: 3385, Time: 00:07:23

Health: -4/53      AC:  8    Str: 20    XL:     6   Next: 64%
Magic:  5/5        EV:  8    Int:  5    God:
Gold:   178        SH: 10    Dex: 12    Spells: 5/5 levels left

rFire    . . .     SeeInvis .   a - +0 war axe
rCold    . . .     Faith    .   c - +0 kite shield
rNeg     . . .     Spirit   .   b - +0 scale mail
rPois    .         Reflect  .   (helmet restricted)
rElec    .         Harm     .   n - +0 cloak
rCorr    .         Rampage  .   (no gloves)
Will     .....                  (no boots)
Stlth    ..........             (no amulet)
HPRegen  0.17/turn              (no ring)
MPRegen  0.09/turn              (no ring)

@: no status effects
A: horns 2, retaliatory headbutt
a: no special abilities


You were on level 5 of the Dungeon.
You visited 1 branch of the dungeon, and saw 5 of its levels.

You collected 178 gold pieces.

Inventory:

Hand Weapons
 a - a +0 war axe (weapon)
Missiles
 f - 4 curare-tipped darts (quivered)
Armour
 b - a +0 scale mail (worn)
 c - a +0 kite shield (worn)
 n - a +0 cloak (worn)
Scrolls
 e - a scroll of teleportation
Potions
 d - 2 potions of might
 g - a potion of berserk rage {unknown}
 j - a potion of mutation {unknown}
 k - a potion of ambrosia {unknown}
 l - a potion of flight
 m - a potion of cancellation


   Skills:
 + Level 4.4 Fighting
 + Level 5.9 Axes
 + Level 5.4 Armour
 + Level 1.7 Dodging
 + Level 0.1 Stealth
 + Level 4.8 Shields


You had 5 spell levels left.
You didn't know any spells.
Your spell library was empty.

Dungeon Overview and Level Annotations

Branches:
Dungeon (5/15)
 Temple: D:4-7

Altars:
Ashenzari
Fedhas

Shops:
D:1 *

Annotations:
D:5 Grinder, Menkaure


Innate Abilities, Weirdness & Mutations

You have a pair of horns on your head.
You reflexively headbutt those who attack you in melee.


Message History

You hear the hiss of flowing sand.
There is an entrance to an ossuary on this level.
Hurry and find it before the portal is buried!
Found a copper wand and an embroidered scarf.
Found a stone staircase leading up.
Grinder comes into view.
Grinder shouts!
Found 7 gold pieces.
You closely miss Grinder. Grinder hits you!
You writhe in agony.
Your shield and scale mail prevent you from hitting Grinder.
You block Grinder's attack.
Grinder says, "Don't move a muscle."
Grinder barely misses you.
You hit Grinder but do no damage. Grinder hits you.
You writhe in agony.
You slash Grinder! Your headbutt misses Grinder.
Grinder is moderately wounded.
Grinder blinks!
Grinder gestures at you. Pain shoots through your body!
Menkaure, Prince of Dust comes into view.
Grinder gestures at you. Pain shoots through your body!
You closely miss Grinder.
Grinder is moderately wounded.
Grinder hits you but does no damage.
Menkaure calls on the powers of darkness!
Your body is wracked with pain!
* * * LOW HITPOINT WARNING * * *
You slash Grinder! You headbutt Grinder!
Grinder is severely wounded.
Grinder hits you!
* * * LOW HITPOINT WARNING * * *
You hit Grinder.
Grinder is almost dead.
Grinder blinks!
A hound comes into view.
The hound barks!
Menkaure sighs a few words.
Grinder gestures at you. Pain shoots through your body!
You die...

#..[.... ##.......
........ ........
.. #...... #
../.#####.... ...
#........#####...#
#.........h..
##.5.@<......
#.....##.......
#..M..# ##.....
#..#### .$.. ....
... ###.# .. .. .
...


You could see Grinder, Menkaure and a hound.

Vanquished Creatures
  2 phantoms (D:4)
  Crazy Yiuf (D:3)
  Jessica (D:2)
  Terence (D:2)
  An orc wizard (D:4)
  3 hound skeletons
  Robin (D:2)
  4 adders
  A dart slug (D:1)
  5 orcs
  5 ball pythons
  4 endoplasms
  9 goblins
  11 hobgoblins
  13 jackals
  3 quokkas
  6 bats
  5 frilled lizards
  5 kobolds
  13 rats
94 creatures vanquished.

Notes
Turn   | Place    | Note
-------+----------+-------------------------------------------
     0 | D:1      | DarkShadow the Minotaur Fighter began the quest for the
                  | Orb.
     0 | D:1      | Reached XP level 1. HP: 19/19 MP: 0/0
   101 | D:1      | Found a faded altar of an unknown god.
   178 | D:1      | Reached XP level 2. HP: 27/27 MP: 1/1
   395 | D:1      | Reached XP level 3. HP: 23/33 MP: 2/2
   597 | D:1      | Found Ceeh's Assorted Antiques.
  1277 | D:2      | Noticed Jessica
  1282 | D:2      | Noticed Terence
  1283 | D:2      | Killed Jessica
  1284 | D:2      | Reached XP level 4. HP: 40/40 MP: 3/3
  1286 | D:2      | Killed Terence
  1473 | D:2      | Noticed Robin
  1486 | D:2      | Killed Robin
  1487 | D:2      | Reached skill level 1 in Dodging
  1651 | D:3      | Reached XP level 5. HP: 45/46 MP: 4/4
  1720 | D:3      | Found a blossoming altar of Fedhas.
  2005 | D:3      | Found a broken altar of Ashenzari.
  2259 | D:3      | Found a runed translucent door.
  2260 | D:3      | Noticed Crazy Yiuf
  2498 | D:3      | Killed Crazy Yiuf
  2499 | D:3      | Reached skill level 5 in Armour
  2709 | D:4      | Reached skill level 5 in Axes
  2780 | D:4      | Noticed a phantom
  2789 | D:4      | Killed a phantom
  2790 | D:4      | Reached XP level 6. HP: 27/52 MP: 5/5
  3371 | D:4      | You fall into a shaft and drop 1 floor!
  3371 | D:5      | Entered Level 5 of the Dungeon
  3372 | D:5      | Noticed Grinder
  3379 | D:5      | Noticed Menkaure
  3385 | D:5      | Killed from afar by Grinder

Illustrated notes

Levels and vault maps discovered:
D:1:      roderic_octagonal_star, layout_basic, serial_shops, shop,
          ebering_ecumenical_altar_box
D:2:      layout_loops_ring, chequers_serial_rivers_marsh, uniq_robin,
          uniq_jessica, uniq_terence
D:3:      layout_loops_cross, fedhas_altar_2, pf_just_have_faith, st_stairs_4,
          minmay_misc_feat_enclosed, nrook_mini_backslash,
          minmay_misc_feat_cross, uniq_crazy_yiuf_cottage
D:4:      layout_gridville, grunt_ministairs_14
D:5:      layout_rooms, minmay_temple_entry_statues_fountains,
          nicolae_ossuary_entry_plus, eino_curves_04, uniq_grinder,
          uniq_menkaure

Skill      XL: |  1  2  3  4  5 |
---------------+----------------+-----
Armour         | 4 5 |  5.4
Shields        | 4 |  4.8
Fighting       | 4 |  4.4
Axes           | 4 5 |  5.9
Dodging        | 1 |  1.7
Stealth        | |  0.1

Action                   |  1- 3 |  4- 6 || total
-------------------------+-------+-------++-------
Melee: War axe           |    80 |   129 ||   209
       Headbutt          |    11 |    22 ||    33
  Use: Scroll            |       |     6 ||     6
Armor: Scale mail        |    71 |    63 ||   134
Dodge: Dodged            |    50 |    48 ||    98
Block: Kite shield       |    74 |    65 ||   139

Table legend: (Time is in decaauts)
 A = Elapsed time spent in this place.
 B = Non-inter-level travel time spent in this place.
 C = Inter-level travel time spent in this place.
 D = Time resting spent in this place.
 E = Time spent auto-exploring this place.
 F = Levels seen in this place.
 G = Mean time per level.
                   A        B        C        D        E       F      G
               +--------+--------+--------+--------+--------+-----+--------+
         Total |   3494 |   3494 |      0 |    389 |   2026 |   5 |  698.8 |
       Dungeon |   3494 |   3494 |      0 |    389 |   2026 |   5 |  698.8 |
               +--------+--------+--------+--------+--------+-----+--------+

Top non-repeatable levels by time:
     D:3: 1043 daAuts
     D:1: 889 daAuts
     D:2: 801 daAuts
     D:4: 742 daAuts
     D:5: 16 daAuts
